 Dungeon Crawl Stone Soup version 0.25-a0-517-gf8b3a32422 (webtiles) character file.

Game seed: 8481858306110627881, levelgen mode: deterministic

4868 night the Frost Mage (level 10, -8/83 HPs)
             Began as a Merfolk Ice Elementalist on Feb 17, 2020.
             Was a Believer of Vehumet.
             Killed from afar by Nergalle (33 damage)
             ... with a bolt of negative energy
             ... on level 10 of the Dungeon.
             The game lasted 00:38:18 (10280 turns).

night the Frost Mage (Merfolk Ice Elementalist)    Turns: 10280, Time: 00:38:19

Health: -8/83      AC:  7    Str:  8    XL:     10   Next: 50%
Magic:  14/22      EV: 14    Int: 17    God:    Vehumet [**....]
Gold:   311        SH:  0    Dex: 16    Spells: 7/25 levels left

rFire    . . .     SeeInvis .   y - +1 scimitar (vorpal)
rCold    . . .     Gourm    .   (no shield)
rNeg     . . .     Faith    .   z - +1 acid dragon scales
rPois    +         Spirit   .   (no helmet)
rElec    .         Reflect  .   q - scarf {repulsion}
rCorr    +         Harm     .   (no gloves)
MR       .....                  (no boots)
Stlth    +.........             s - amulet of the acrobat
HPRegen  0.23/turn              b - ring of poison resistance
MPRegen  0.18/turn              m - +3 ring of evasion

@: very slightly contaminated, heavily drained, repel missiles
A: change form in water, swift swim, stealthy swim
a: Renounce Religion


You were on level 10 of the Dungeon.
You worshipped Vehumet.
Vehumet was pleased with you.
You were hungry.

You visited 1 branch of the dungeon, and saw 10 of its levels.

You collected 386 gold pieces.
You spent 75 gold pieces at shops.

Inventory:

Hand Weapons
 g - a +2 hand axe of freezing
 j - a +1 dagger
 u - a +1 battleaxe of flaming
 y - a +1 vorpal scimitar (weapon)
Missiles
 B - 7 boomerangs of dispersal (quivered)
Armour
 a - a +0 robe
 q - a scarf of repulsion (worn)
 z - +1 acid dragon scales (worn)
Jewellery
 b - a ring of poison resistance (left hand)
 m - a +3 ring of evasion (right hand)
 s - an amulet of the acrobat (around neck)
 t - an uncursed ring of poison resistance
Wands
 i - a wand of random effects (13)
 v - a wand of scattershot (2)
 x - a wand of iceblast (8)
 E - a wand of paralysis (9)
 G - a wand of enslavement (12)
 H - a wand of acid (5)
Scrolls
 e - 7 scrolls of identify
 h - 4 scrolls of remove curse
 k - 2 scrolls of fog
 l - 3 scrolls of enchant armour
 n - 3 scrolls of amnesia
 r - 2 scrolls of immolation {unknown}
 w - 2 scrolls of teleportation
 F - a scroll of fear {unknown}
Potions
 d - 2 potions of mutation {unknown}
 f - 2 potions of ambrosia
 A - a potion of magic {unknown}
 C - a potion of degeneration {unknown}
 D - 2 potions of heal wounds
Comestibles
 c - 18 rations


   Skills:
 + Level 9.5(7.3) Fighting
 - Level 2.6(0.8) Dodging
 - Level 2.1(0.3) Stealth
 + Level 8.3(6.1) Spellcasting
 - Level 10.1(7.8) Ice Magic
 + Level 2.5(0.6) Poison Magic


You had 7 spell levels left.
You knew the following spells:

 Your Spells              Type           Power        Failure   Level  Hunger
a - Freeze                Ice            ####         1%          1    None
b - Frozen Ramparts       Ice            ####..       2%          3    ##.....
c - Ozocubu's Armour      Chrm/Ice       ###.....     14%         3    ##.....
d - Summon Ice Beast      Ice/Summ       ###.....     41%         4    ####...
e - Olgreb's Toxic Radia  Pois           #.......     86%         4    ####...
f - Ignite Poison         Fire/Tmut/Pois #.......     52%         3    ##.....

Your spell library contained the following spells:

 Spells                   Type           Power        Failure   Level  Hunger
 Sandblast                Erth           #.....       22%         1    None
 Ensorcelled Hibernation  Hex/Ice        ###...       7%          2    None
 Sting                    Tmut/Pois      #...         21%         1    None
 Animate Skeleton         Necr           N/A          22%         1    None
 Beastly Appendage        Tmut           #.....       22%         1    None
 Corona                   Hex            #......      22%         1    None
 Pain                     Necr           #...         22%         1    None
 Shock                    Conj/Air       #...         22%         1    None
 Poisonous Vapours        Pois/Air       #.....       30%         2    None
 Slow                     Hex            #.......     34%         2    None
 Sticks to Snakes         Tmut           #.......     34%         2    None
 Swiftness                Chrm/Air       #.......     34%         2    None
 Hailstorm                Conj/Ice       ###.....     41%         4    ####...
 Ice Form                 Ice/Tmut       ###.....     41%         4    ####...
 Mephitic Cloud           Conj/Pois/Air  #.......     52%         3    ##.....
 Spider Form              Tmut/Pois      #.........   52%         3    ##.....
 Confusing Touch          Hex            #.......     56%         3    ##.....
 Dazzling Flash           Conj/Hex       #.....       56%         3    ##.....
 Gell's Gravitas          Tloc           #.........   56%         3    ##.....
 Inner Flame              Hex/Fire       #.......     56%         3    ##.....
 Portal Projectile        Hex/Tloc       #.....       56%         3    ##.....
 Static Discharge         Conj/Air       #.......     56%         3    ##.....
 Tukima's Dance           Hex            #.......     56%         3    ##.....
 Vampiric Draining        Necr           #.........   56%         3    ##.....
 Metabolic Englaciation   Hex/Ice        ###.......   77%         5    #####..
 Airstrike                Air            #.........   92%         4    ####...
 Animate Dead             Necr           N/A          92%         4    ####...
 Cause Fear               Hex            #.........   92%         4    ####...
 Leda's Liquefaction      Hex/Erth       #.........   92%         4    ####...
 Petrify                  Tmut/Erth      #.......     92%         4    ####...
 Agony                    Necr           #.......     99%         5    #####..
 Blade Hands              Tmut           #.........   99%         5    #####..
 Lightning Bolt           Conj/Air       #.........   99%         5    #####..
 Yara's Violent Unravell  Hex/Tmut       #.........   99%         5    #####..


Dungeon Overview and Level Annotations

Branches:
Dungeon (10/15)            Temple (0/1) D:7
   Lair: D:8-11         Orc: D:9-12

Altars:
Dithmenos
Fedhas
Qazlal
Vehumet
Wu Jian
The Shining One

Shops:
D:5 =   D:7 !   D:9 !:?!(   D:10 *

Annotations:
D:10 Nergalle


Message History

Aim: a spectral orc warrior, wielding a +0 scimitar and wearing a cursed +0 plate armour (fast, summoned)
Okay, then.
Evoke which item? (* to show all) (? for menu, Esc to quit)
Okay, then.
Blink to where?
Press: ? - help, Dir - move target cursor, p - Nergalle You are very lightly contaminated with residual magic.
As you read the scroll of blinking, it crumbles to dust.
Nergalle casts a spell at you. The bolt of negative energy misses you.
Evoke which item? (* to show all) (? for menu, Esc to quit)
Aiming: Scattershot
Press: ? - help, Shift-Dir - straight line, f - Nergalle
Aim: Nergalle, wielding a +0 dagger and wearing a +0 robe (almost dead)
The burst of metal fragments hits Nergalle but does no damage.
Nergalle is almost dead.
Nergalle grimaces horribly.
Nergalle gestures at you while chanting.
The bolt of negative energy hits you!!
You feel drained.
You die...

.. #.....# ...
#.....########
...#######.............
....................###
....................#..
....................#..
#####.......Z.......#..
#.....Z.........+..
#.@ZZZZ..Z......#'#
#..oZ..............
#...########.......
#...# #.......
#####...# #o......
........# #.......
........# #.......
........########...#'##
.......Y..o........#...


You could see Nergalle, 2 spectral orcs, 4 spectral orc warriors and 2 spectral
orc knights.

Vanquished Creatures
  Maggie (D:6)
  A hornet (D:9)
  Sigmund (D:2)
  2 wyverns
  Menkaure (D:6)
  A sky beast (D:7)
  An ice beast (D:7)
  A black bear (D:4)
  3 orc warriors
  4 ogres
  3 centaurs
  6 bullfrogs
  A troll zombie (D:10)
  4 scorpions
  2 howler monkeys
  4 crimson imps
  A bullfrog zombie (D:6)
  6 hounds
  2 jellies (D:6)
  A bullfrog skeleton (D:10)
  6 orc priests
  3 orc wizards
  A centaur skeleton (D:9)
  4 iguanas
  2 worker ants (D:8)
  3 gnolls (D:5)
  8 adders
  A shadow imp (D:9)
  An ooze (D:1)
  A worm (D:2)
  An adder skeleton (D:5)
  An adder zombie (D:8)
  A dart slug (D:2)
  A leopard gecko (D:3)
  12 orcs
  3 bats
  2 giant cockroaches
  10 goblins
  5 hobgoblins
  22 jackals
  3 kobolds
  4 quokkas
  A ball python skeleton (D:4)
  6 frilled lizards
  An orc skeleton (D:10)
  2 orc zombies (D:10)
  A quokka skeleton (D:4)
  8 rats
160 creatures vanquished.

Vanquished Creatures (collateral kills)
  A gargoyle (D:9)
  2 trolls
  A hippogriff (D:9)
  A spriggan (D:9)
  2 wyverns
  An ice beast (D:9)
  A centaur (D:9)
  An ogre zombie (D:10)
  An adder (D:9)
11 creatures vanquished.

Vanquished Creatures (others)
  A golden eye (shapeshifter) (D:9)
1 creature vanquished.

Grand Total: 172 creatures vanquished

Notes
Turn   | Place    | Note
-------+----------+-------------------------------------------
     0 | D:1      | night the Merfolk Ice Elementalist began the quest for the
                  | Orb.
     0 | D:1      | Reached XP level 1. HP: 13/13 MP: 3/3
   275 | D:1      | Reached XP level 2. HP: 20/20 MP: 1/5
   342 | D:1      | Reached skill level 1 in Fighting
   786 | D:1      | Reached XP level 3. HP: 20/26 MP: 0/6
   848 | D:1      | Learned a level 3 spell: Frozen Ramparts
  1192 | D:2      | HP: 2/26 [worm (8)]
  1705 | D:2      | Noticed Sigmund
  1720 | D:2      | Killed Sigmund
  1720 | D:2      | Reached skill level 5 in Ice Magic
  1720 | D:2      | Reached XP level 4. HP: 17/35 MP: 1/9
  1720 | D:2      | Reached XP level 5. HP: 20/41 MP: 1/10
  1887 | D:2      | Learned a level 3 spell: Ozocubu's Armour
  3011 | D:3      | Reached XP level 6. HP: 43/47 MP: 11/11
  3263 | D:4      | Found a shadowy altar of Dithmenos.
  3476 | D:4      | Noticed a black bear
  3498 | D:4      | Killed a black bear
  3498 | D:4      | Reached skill level 6 in Ice Magic
  3551 | D:4      | Learned a level 4 spell: Summon Ice Beast
  3690 | D:4      | Reached XP level 7. HP: 55/55 MP: 7/13
  4252 | D:5      | Entered Level 5 of the Dungeon
  4477 | D:5      | Found a radiant altar of Vehumet.
  4483 | D:5      | Became a worshipper of Vehumet
  4601 | D:5      | Reached skill level 5 in Fighting
  4733 | D:5      | Reached skill level 7 in Ice Magic
  4815 | D:5      | Reached skill level 5 in Spellcasting
  4815 | D:5      | Reached XP level 8. HP: 62/62 MP: 9/15
  4914 | D:5      | Found Gaogol's Jewellery Boutique.
  5037 | D:6      | Noticed Maggie
  5076 | D:6      | Killed Maggie
  5585 | D:6      | Reached skill level 8 in Ice Magic
  5599 | D:6      | Noticed Menkaure
  5613 | D:6      | Killed Menkaure
  5933 | D:6      | Reached XP level 9. HP: 55/71 MP: 10/18
  6472 | D:7      | Found Kaimussy's Distillery.
  6531 | D:7      | Reached * piety under Vehumet
  6531 | D:7      | Offered knowledge of Shock by Vehumet.
  6706 | D:7      | Reached skill level 9 in Ice Magic
  6887 | D:7      | Found a staircase to the Ecumenical Temple.
  7231 | D:7      | Found a blossoming altar of Fedhas.
  7848 | D:8      | Found a stormy altar of Qazlal.
  8030 | D:8      | Offered knowledge of Sandblast by Vehumet.
  8058 | D:8      | Found an ornate altar of the Wu Jian Council.
  8064 | D:8      | Found a glowing golden altar of the Shining One.
  8238 | D:8      | Reached ** piety under Vehumet
  8432 | D:9      | Found Wosuassa's Book Shop.
  8435 | D:9      | Noticed a hornet
  8436 | D:9      | Found Mejaakh's Distillery.
  8444 | D:9      | Killed a hornet
  8444 | D:9      | Reached XP level 10. HP: 53/82 MP: 13/21
  8573 | D:9      | Found Waemmeg's Magic Scroll Shoppe.
  8578 | D:9      | Found Dali's Distillery.
  8643 | D:9      | Bought a potion of heal wounds for 75 gold pieces
  8644 | D:9      | Found Ukaudd's Antique Weapon Shoppe.
  8652 | D:9      | Reached skill level 10 in Ice Magic
  9056 | D:9      | Noticed a gargoyle
  9084 | D:9      | Killed a gargoyle
  9280 | D:9      | Learned a level 4 spell: Olgreb's Toxic Radiance
  9284 | D:9      | Learned a level 3 spell: Ignite Poison
  9316 | D:9      | Reached skill level 1 in Poison Magic
  9748 | D:10     | Entered Level 10 of the Dungeon
  9805 | D:10     | Found Diakhule's Assorted Antiques.
  9896 | D:10     | Reached skill level 2 in Poison Magic
 10218 | D:10     | Noticed Nergalle
 10280 | D:10     | Killed from afar by Nergalle

Levels and vault maps discovered:
D:1:      noname_arrival_rooms_in_the_neighbourhood, layout_basic
D:2:      layout_loops_corners, uniq_sigmund
D:3:      layout_loops_cross, amethyst_killhole
D:4:      layout_gridville, nicolae_dithmenos_shadow_blocks, first_ration
D:5:      layout_loops_ring, vehumet_crystals, serial_shops,
          kennysheep_little_box
D:6:      layout_loops_cross, nrook_mini_vaults, uniq_maggie, uniq_menkaure
D:7:      layout_loops_corners, fedhas_altar_4, minmay_temple_entry_sparse_star,
          serial_shops, nicolae_shop_statue_plus
D:8:      layout_gridville, nicolae_qazlal_general_emergency,
          amethyst_overflow_temple_binary
D:9:      layout_cave_pools, serial_shops, shop, shop_fountains, shop,
          kennysheep_mini_moat, nicolae_shop_waterfront, the_bakery,
          lightli_fourway_metalbox
D:10:     layout_irregular_city, zombieorc1_lemuel, serial_glass,
          glass_columns_b, glass_columns_b, due_unseen_surprise,
          feat_on_display, serial_shops, shop, shop, uniq_nergalle

Skill      XL: |  1  2  3  4  5  6  7  8  9 10 |
---------------+-------------------------------+-----
Fighting       | 1 3 4 5 6 8 9 |  9.5
Spellcasting   | 3 4 5 6 7 8 |  8.3
Ice Magic      | 5 6 7 8 9 10 | 10.1
Poison Magic   | 2 |  2.5
Dodging        | |  2.6
Stealth        | |  2.1

Action                   |  1- 3 |  4- 6 |  7- 9 | 10-12 || total
-------------------------+-------+-------+-------+-------++-------
Melee: Unarmed           |    34 |       |       |       ||    34
       Dagger            |       |    51 |    40 |       ||    91
       Scimitar          |       |       |    67 |    49 ||   116
       Battleaxe         |       |       |       |    15 ||    15
 Cast: Freeze            |    38 |     7 |    55 |       ||   100
       Frozen Ramparts   |     8 |    18 |    41 |    17 ||    84
       Summon Ice Beast  |       |       |     2 |    18 ||    20
Evoke: Wand              |       |       |     2 |     1 ||     3
  Use: Scroll            |       |     7 |     6 |     1 ||    14
       Potion            |       |       |       |     1 ||     1
 Stab: Sleeping          |       |     4 |     5 |     3 ||    12
  Eat: Chunk             |     1 |     7 |    18 |     5 ||    31
       Ration            |     1 |       |       |     1 ||     2
Armor: Robe              |     4 |     4 |     2 |       ||    10
       Acid dragon scale |       |       |    35 |    23 ||    58
Dodge: Dodged            |    34 |    38 |   124 |   120 ||   316
       Deflected         |       |       |    11 |     4 ||    15
       Rpst.: Scimitar   |       |       |    26 |    26 ||    52

Table legend:
 A = Non-vault XP
 B = Vault XP
 C = Vault XP percentage of total XP
 D = Non-vault monster count
 E = Vault monster count
 F = Vault count percentage of total count
                 A         B        C        D         E       F
            +---------+---------+-------+---------+---------+-------
      Total |    5845 |    1110 |  16.0 |     160 |      11 |   6.4
            +---------+---------+-------+---------+---------+-------
        D:1 |      36 |       0 |   0.0 |      18 |       0 |   0.0
        D:2 |      58 |     212 |  78.5 |      12 |       1 |   7.7
        D:3 |      19 |       0 |   0.0 |      12 |       0 |   0.0
        D:4 |     542 |       0 |   0.0 |      17 |       0 |   0.0
        D:5 |     392 |       0 |   0.0 |      17 |       0 |   0.0
        D:6 |    1219 |     452 |  27.0 |      22 |       2 |   8.3
        D:7 |     648 |       0 |   0.0 |      14 |       0 |   0.0
        D:8 |     980 |       0 |   0.0 |      24 |       0 |   0.0
        D:9 |    1469 |     349 |  19.2 |      20 |       3 |  13.0
       D:10 |     482 |      97 |  16.8 |       4 |       5 |  55.6
            +---------+---------+-------+---------+---------+-------
